[Event "Nové Hrady - Rapid A"]
[Site "Nové Hrady, Czech Republic"]
[Date "2023.08.12"]
[Round "1.1"]
[White "Martinkovič, Adam"]
[Black "Půlpán, Jakub"]
[Result "0-1"]
[TimeControl "2x20min+5s"]
[WhiteFideId "23728019"]
[BlackFideId "302759"]
[WhiteElo "1808"]
[BlackElo "2515"]

1. c4 e6 2. Nf3 Nf6 3. d4 b6 4. Nc3 Bb7 5. Bg5 Bb4 6. a3 Bxc3+ 7. bxc3 h6 8. Bxf6 Qxf6 9. e3 d6 10. Be2 Nd7 11. Qb3 e5 12.
a4 a5 13. Rd1 O-O 14. O-O Rfe8 15. Qc2 e4 16. Nd2 Qg5 17. Rb1 f5 18. g3 Qf6 19. Rfd1 g5 20. Qb3 Kh8 21. Bf1 Re7 22.
Bg2 Rg8 23. Re1 h5 24. Qb5 Rh7 25. Qb2 h4 26. Nb3 Ba6 27. c5 dxc5 28. dxc5 Bd3 29. Rbd1 Ne5 30. cxb6 cxb6 31. Nc1 hxg3 32. fxg3 f4 33. exf4 gxf4 34. Qf2 e3 35.
Qxf4 Qxf4 36. gxf4 Nf3+ 37. Kh1 Rxh2# 0-1

[Event "Nové Hrady - Rapid A"]
[Site "Nové Hrady, Czech Republic"]
[Date "2023.08.12"]
[Round "1.2"]
[White "Babula, Milan"]
[Black "Garabik, Marek"]
[Result "1-0"]
[TimeControl "2x20min+5s"]
[WhiteFideId "300632"]
[BlackFideId "23717742"]
[WhiteElo "2212"]
[BlackElo "1767"]

1. e4 e6 2. d4 d5 3. Nc3 Bb4 4.
Nge2 dxe4 5. a3 Be7 6. Nxe4 Nd7 7. g3 b6 8. Bg2 Bb7 9. O-O Rb8 10. Bf4 Ngf6 11.
N2c3 O-O 12. Qd3 c5 13. Bxb8 Qxb8 14. dxc5 Nxc5 15. Nxc5 Bxg2 16. Kxg2 Bxc5 17. Rad1 Qc7 18. Qf3 Re8 19.
Rd2 e5 20. Nd5 Nxd5 21. Qxd5 Kf8 22. Rfd1 a5 23. Qd7 Qxd7 24. Rxd7 Re7 25. R1d5 Rxd7 26. Rxd7 Ke8 27. Rb7 g6 28. g4 h6 29. f3 Kf8 30. c3 Kg7 31. b4 axb4 32. axb4 Be3 33. c4 Kf6 34. h4 Ke6 35. Rc7 f5 36. Rc6+ Kf7 37. h5 gxh5 38. gxf5 Bd4 39. Rxh6 1-0

[Event "Nové Hrady - Rapid A"]
[Site "Nové Hrady, Czech Republic"]
[Date "2023.08.12"]
[Round "1.3"]
[White "Drda, Štěpán"]
[Black "Hák, David"]
[Result "0-1"]
[TimeControl "2x20min+5s"]
[WhiteFideId "23731567"]
[BlackFideId "377007"]
[WhiteElo "1582"]
[BlackElo "2123"]

1. c4 Nf6 2. Nc3 g6 3. g3 Bg7 4. Bg2 O-O 5. Nf3 c6 6.
O-O d5 7. cxd5 cxd5 8. d4 Nc6 9.
e3 Bf5 10. Bd2 Rc8 11. Qa4 Qb6 12. b3 Bd7 13. Qa3 e6 14. Na4 Qd8 15. Rfc1 Ne4 16. Nc5 Qe7 17. Qb2 Nxc5 18. Rxc5 Qxc5 0-1

[Event "Nové Hrady - Rapid A"]
[Site "Nové Hrady, Czech Republic"]
[Date "2023.08.12"]
[Round "1.4"]
[White "Pochinkov, Andrey"]
[Black "Šlechta, Adam"]
[Result "1-0"]
[TimeControl "2x20min+5s"]
[WhiteFideId "4146387"]
[BlackFideId "23734450"]
[WhiteElo "2052"]
[BlackElo "1409"]

1. Nf3 g6 2. d4 Bg7 3. e4 d6 4. Nc3 Nf6 5. Be2 O-O 6. Bg5 c5 7. Qd2 cxd4 8. Nxd4 Nc6 9. Nf3 Qb6 10.
Rb1 Ng4 11. O-O Nge5 12. Nxe5 Bxe5 13. Nd5 Qd8 14. Bb5 f6 15. Bh6 Rf7 16. c3 f5 17. exf5 Bxf5 18. Rbe1 a6 19. Bc4 b5 20.
Bb3 Na5 21. f4 Nxb3 22. axb3 Bf6 23. Nxf6+ Rxf6 24. Rxe7 Qxe7 25. Qd5+ Re6 26. Qxa8+ Qe8 27. Qb7 Qe7 28. Qd5 Be4 29. Qd4 Qf6 30. Qxf6 Rxf6 31. Re1 Re6 32. Kf2 Bf5 33. Ra1 d5 34. Bg5 Kg7 35. h3 h6 36. Bd8 Bc2 37. b4 Bd3 38.
Bc7 Re2+ 39. Kf3 Rxb2 40. Be5+ Kf7 41. c4 Rb3 42. cxd5 Bc4+ 43. Ke4 Bd3+ 44.
Kd4 Bc4 45. d6 Ke6 46. Rxa6 Rd3+ 47. Kc5 Rd5+ 48. Kc6 g5 49. g3 gxf4 50. Bxf4 h5 51. Kc7 Kf7 52. d7 1-0

[Event "Nové Hrady - Rapid A"]
[Site "Nové Hrady, Czech Republic"]
[Date "2023.08.12"]
[Round "1.5"]
[White "Kukla, Josef"]
[Black "Urban, Zdeněk"]
[Result "0-1"]
[TimeControl "2x20min+5s"]
[WhiteFideId "23725869"]
[BlackFideId "312754"]
[WhiteElo "1364"]
[BlackElo "2048"]

1. d4 Nf6 2. Bf4 d6 3. Nf3 Nbd7 4. e3 g6 5. Nbd2 Bg7 6. Bd3 O-O 7. O-O Re8 8. Bg5 e5 9. c3 h6 10.
Bxf6 Nxf6 11. e4 exd4 12. Nxd4 c5 13. N4f3 Be6 14. Re1 Qc7 15. Nf1 d5 16. exd5 Nxd5 17. Qc2 Nf4 18. Bb5 Red8 19. a3 a6 20. Be2 Bf5 21.
Qb3 Re8 22. Ne3 b5 23. g3 Nxe2+ 24. Rxe2 Bg4 25. Kg2 c4 26. Nd5 Qc6 27. Qd1 Rxe2 28. Qxe2 Qxd5 0-1

[Event "Nové Hrady - Rapid A"]
[Site "Nové Hrady, Czech Republic"]
[Date "2023.08.12"]
[Round "1.6"]
[White "Prinz, Hubert"]
[Black "Slabý, Martin"]
[Result "1-0"]
[TimeControl "2x20min+5s"]
[WhiteFideId "1639447"]
[BlackFideId "23713593"]
[WhiteElo "2038"]
[BlackElo "1309"]

1. d4 Nf6 2. Nf3 e6 3. e3 a6 4. Bd3 b5 5. Nbd2 Bb7 6. e4 d6 7. O-O Nbd7 8. c3 c5 9. Re1 cxd4 10.
cxd4 Be7 11. e5 Bxf3 12. Nxf3 dxe5 13. dxe5 Ng4 14. h3 Nc5 15. Bxb5+ axb5 16. hxg4 Qxd1 17. Rxd1 Ne4 18. Re1 f5 19. gxf5 exf5 20. Be3 Rc8 21.
Nd4 Bc5 22. Nxf5 Bxe3 23. Rxe3 Nd2 24. Nd6+ Ke7 25. Nxc8+ Rxc8 26. b3 Rc2 27. a4 bxa4 28. bxa4 Nc4 29. Ree1 Ke6 30. a5 Nxe5 31.
f4 Kd5 1-0

[Event "Nové Hrady - Rapid A"]
[Site "Nové Hrady, Czech Republic"]
[Date "2023.08.12"]
[Round "1.7"]
[White "Hokr, Matyáš"]
[Black "Slabý, Matěj"]
[Result "0-1"]
[TimeControl "2x20min+5s"]
[WhiteFideId "23734663"]
[BlackFideId "23734876"]
[WhiteElo "1228"]
[BlackElo "1944"]

1. e4 c5 2. f4 Nc6 3. Nf3 e6 4. Bb5 Nge7 5. d3 g6 6. Bxc6 Nxc6 7. O-O Bg7 8. c3 O-O 9. Be3 d6 10.
Nbd2 a6 11. a4 b6 12. Nc4 d5 13. Ncd2 d4 14. cxd4 Nxd4 15. e5 Nf5 16. Qe2 Qd7 17. Ne4 Rd8 18. Rad1 Qxa4 19. g4 Ne7 20.
Nd6 Nd5 21. Ng5 Rxd6 22. exd6 Nxe3 23. f5 exf5 24. gxf5 Bxf5 25. Nf3 Nxd1 26. Rxd1 Re8 27. Qg2 Qxd1+ 0-1

[Event "Nové Hrady - Rapid A"]
[Site "Nové Hrady, Czech Republic"]
[Date "2023.08.12"]
[Round "2.1"]
[White "Půlpán, Jakub"]
[Black "Prinz, Hubert"]
[Result "1-0"]
[TimeControl "2x20min+5s"]
[WhiteFideId "302759"]
[BlackFideId "1639447"]
[WhiteElo "2515"]
[BlackElo "2038"]

1. Nf3 Nc6 2. e4 e6 3. d4 a6 4. d5 exd5 5. exd5 Qe7+ 6. Be2 Ne5 7. O-O d6 8. Nd4 c5 9. dxc6 Nxc6 10.
Nc3 Nxd4 11. Qxd4 Qe5 12. Qa4+ Bd7 13. Qb3 O-O-O 14. Bf3 Bc6 15. Bxc6 bxc6 16. Qb6 Ne7 17.
Qxa6+ Kc7 18. Qa7+ Kc8 19. Na4 Nd5 20. c4 Rd7 21. Qa6+ Rb7 22. cxd5 cxd5 23. Bf4 Qxf4 24. Nb6+ Kc7 1-0

[Event "Nové Hrady - Rapid A"]
[Site "Nové Hrady, Czech Republic"]
[Date "2023.08.12"]
[Round "2.2"]
[White "Urban, Zdeněk"]
[Black "Babula, Milan"]
[Result "0-1"]
[TimeControl "2x20min+5s"]
[WhiteFideId "312754"]
[BlackFideId "300632"]
[WhiteElo "2048"]
[BlackElo "2212"]

1. d4 Nf6 2. Nf3 g6 3. g3 Bg7 4. Bg2 O-O 5. c4 d6 6. O-O Nbd7 7. Nc3 c6 8. e4 e5 9. h3 Re8 10. d5 c5 11. Be3 a6 12. a4 Rb8 13. Nh4 h6 14.
Qd2 Kh7 15. Kh2 Nf8 16. Rab1 Ng8 17. b4 cxb4 18. Rxb4 f5 19. Ba7 Ra8 20. Bb6 Qf6 21.
c5 Ne7 22. Rc4 Nd7 23. a5 dxc5 24. Na4 fxe4 25. Bxe4 Nf5 26. Nxg6 Qxg6 27. g4 Nf6 28. gxf5 Bxf5 29. Rg1 Nxe4 30. Rxe4 Qh5 31. Reg4 Bxg4 32.
Rxg4 e4 33. Nxc5 Be5+ 34. Kg2 Rg8 35. Nxe4 Rxg4+ 36. hxg4 Qh2+ 37. Kf3 Rf8+ 38. Ke2 Qg2 39. Qd3 Qxg4+ 40. f3 Qg6 41. d6 Bxd6 42. Qxd6 Qg2+ 43. Bf2 Qxf3+ 44. Kd2 Rf7 45. Qd3 Qxd3+ 46. Kxd3 Kg6 47. Ke3 Rf5 48. Be1 Rb5 49. Nd6 Rb3+ 50. Kd4 h5 51.
Kc4 Rb1 52. Bb4 h4 53. Nxb7 Rxb4+ 54. Kxb4 h3 55. Nc5 h2 56. Nxa6 h1=Q 57. Kc5 Qc1+ 58. Kb5 Kf7 59. Nc5 Qb2+ 60. Kc6 Qg2+ 61. Kb6 Qa8 62. a6 Ke7 63. Nb7 Kd7 64. a7 Kc8 65.
Nc5 Qd5 66. Kb5 Kc7 67. Kb4 Kb6 68. Nd7+ Kxa7 0-1

[Event "Nové Hrady - Rapid A"]
[Site "Nové Hrady, Czech Republic"]
[Date "2023.08.12"]
[Round "2.3"]
[White "Hák, David"]
[Black "Rausch, Rudolf"]
[Result "1-0"]
[TimeControl "2x20min+5s"]
[WhiteFideId "377007"]
[BlackFideId "1639455"]
[WhiteElo "2123"]
[BlackElo "1861"]

1. d4 Nf6 2. c4 e5 3. dxe5 Ng4 4. Nf3 Nc6 5. Bf4 Bb4+ 6. Nc3 Qe7 7. Qd5 Bxc3+ 8. bxc3 Qa3 9. Qd3 Qc5 10. e3 Ngxe5 11. Nxe5 Nxe5 12. Qd4 Qxd4 13. cxd4 Ng6 14. Bxc7 b6 15. Bd6 Bb7 16.
d5 f6 17. Be2 Kf7 18. O-O Rhe8 19. a4 Ne7 20. Rfb1 Ba6 21. a5 Nxd5 22. axb6 axb6 23. Rxa6 Nc3 24. Rxa8 Rxa8 25. Bf3 Ra4 26.
Rc1 Ke6 27. Bf8 Rxc4 28. Kf1 g6 29. Ba3 b5 30. Be2 Nxe2 31. Rxc4 Ng3+ 32. hxg3 bxc4 33. Ke2 d5 34.
Kd2 h5 35. Kc3 Ke5 36. Bc5 g5 37.
Bd4+ Ke6 38. Kb4 f5 39. f4 gxf4 40.
gxf4 Kd6 41. Kb5 h4 42. Kb6 c3 43. Bxc3 d4 44. Bxd4 Kd5 45. Bf6 Ke4 46.
Bxh4 Kxe3 47. g3 Kd4 48.
Kc6 Ke4 49. Kd6 Kf3 50. Ke5 Kg4 51. Ke6 Kh5 52. Kxf5 Kh6 53. Ke6 Kh5 54. f5 1-0

[Event "Nové Hrady - Rapid A"]
[Site "Nové Hrady, Czech Republic"]
[Date "2023.08.12"]
[Round "2.4"]
[White "Slabý, Matěj"]
[Black "Pochinkov, Andrey"]
[Result "0-1"]
[TimeControl "2x20min+5s"]
[WhiteFideId "23734876"]
[BlackFideId "4146387"]
[WhiteElo "1944"]
[BlackElo "2052"]

1. e4 e6 2. d4 d5 3. e5 c5 4. c3 Nc6 5. Nf3 Bd7 6. Be2 Qb6 7. O-O cxd4 8.
cxd4 Nh6 9. Nc3 Nf5 10. Na4 Qa5 11. Bd2 Qd8 12. Be3 h6 13. a3 a5 14. Rc1 Rc8 15. Nc5 Bxc5 16. Rxc5 Nce7 17.
Rxc8 Qxc8 18. Qd2 Qd8 19. b4 axb4 20. Qxb4 Nxe3 21. fxe3 Nf5 22. Qxb7 Nxe3 23. Re1 O-O 24. Bd3 Nc4 25.
Bxc4 dxc4 26. Qb4 Qa8 27. Re3 Qd5 28.
Rc3 Rc8 29. a4 g5 30. h3 h5 31. Qe7 g4 32. hxg4 hxg4 33. Qg5+ Kf8 34. Qxg4 Bxa4 35. Ng5 Qb7 36. Rf3 Qb1+ 37. Kh2 Be8 38. Nxe6+ Ke7 39. d5 Qh7+ 40. Rh3 Qg6 41. Qxg6 fxg6 42. Rc3 Bf7 43. Nf4 g5 44.
d6+ Kd7 45. Ne2 Be6 46. Nd4 Rc5 47.
Re3 c3 48. Re2 Bc4 49. Re3 Be6 50. Re2 Rc4 51. Nf3 c2 52. Rxc2 Rxc2 53. Nxg5 Bd5 54. Kh3 Bxg2+ 55. Kg3 Bd5 56. Kf4 Rf2+ 57. Kg4 Rg2+ 0-1

[Event "Nové Hrady - Rapid A"]
[Site "Nové Hrady, Czech Republic"]
[Date "2023.08.12"]
[Round "2.5"]
[White "Steinbauer, Sebastián"]
[Black "Martinkovič, Adam"]
[Result "1-0"]
[TimeControl "2x20min+5s"]
[WhiteFideId "399272"]
[BlackFideId "23728019"]
[WhiteElo "1833"]
[BlackElo "1808"]

1. e4 c6 2. d4 d5 3. e5 c5 4.
dxc5 Nd7 5. Bb5 Qa5+ 6. Nc3 e6 7. c6 bxc6 8. Bxc6 Bb4 9. Bxa8 Bxc3+ 10. bxc3 Qxc3+ 11. Bd2 Qxe5+ 12. Ne2 Ba6 13. Be3 Bxe2 14. Kxe2 Ne7 15. Qd4 Qc7 16. Rhc1 O-O 17. Qxa7 Qc4+ 18.
Ke1 Rd8 19. Bb7 Nf5 20. Ba6 Qc3+ 21. Kf1 Nxe3+ 22. Qxe3 Qc7 23. Kg1 Nf6 24. Bd3 e5 25. f3 e4 26. fxe4 dxe4 27. Be2 Ra8 28.
a4 Re8 29. c4 Rd8 30. a5 Rd3 31. Bxd3 exd3 32. Qxd3 Ng4 33. Qg3 Qc5+ 34. Kh1 Nf2+ 35. Qxf2 Qxf2 36. a6 Qa7 37. c5 h5 38. c6 h4 39. c7 g5 40. c8=Q+ Kg7 41. Qc3+ Kg6 42. Qc5 Qb8 43. a7 Qxh2+ 44. Kxh2 1-0

[Event "Nové Hrady - Rapid A"]
[Site "Nové Hrady, Czech Republic"]
[Date "2023.08.12"]
[Round "2.6"]
[White "Garabik, Marek"]
[Black "Hokr, Matyáš"]
[Result "1-0"]
[TimeControl "2x20min+5s"]
[WhiteFideId "23717742"]
[BlackFideId "23734663"]
[WhiteElo "1767"]
[BlackElo "1228"]

1. e4 e5 2. Nf3 Nc6 3. Bc4 Nf6 4. d3 h6 5. O-O Bc5 6. Re1 d6 7. c3 Be6 8. a4 Bxc4 9. dxc4 a5 10. Be3 Bxe3 11. Rxe3 O-O 12. Na3 Ne7 13.
b4 Ng6 14. g3 Ng4 15. Rd3 axb4 16. cxb4 f5 17. exf5 Rxf5 18. h3 Nxf2 19. Kxf2 e4 20. Re3 exf3 21. Rxf3 Rxf3+ 22. Qxf3 Qf8 23. Nb5 Qxf3+ 24. Kxf3 Ne5+ 25. Kg2 Rc8 26. Rc1 Kf7 27. c5 Nd3 28. Rc3 Nxb4 29.
cxd6 c6 30. d7 Rd8 31. Nd6+ Ke7 32. Nxb7 Rxd7 33. Nc5 Rd2+ 34. Kf3 Nd5 35. Ra3 Rc2 36. Ne4 Ke6 37. a5 Kd7 38. a6 Nb6 39.
a7 Na8 40. Rb3 Ra2 41. Rb7+ Kc8 42. Rb8+ Kc7 43. Rxa8 Ra3+ 44.
Kg4 Ra4 45. Rg8 Rxa7 46. Rxg7+ Kb6 47. Rxa7 Kxa7 48. Kh5 Kb6 49. Kxh6 c5 50. Nxc5 Kxc5 51.
g4 Kd6 52. g5 Ke7 53. g6 Kf8 54. Kh7 1-0

[Event "Nové Hrady - Rapid A"]
[Site "Nové Hrady, Czech Republic"]
[Date "2023.08.12"]
[Round "2.7"]
[White "Slabý, Martin"]
[Black "Drda, Štěpán"]
[Result "0-1"]
[TimeControl "2x20min+5s"]
[WhiteFideId "23713593"]
[BlackFideId "23731567"]
[WhiteElo "1309"]
[BlackElo "1582"]

1. g4 d5 2. Bg2 Bxg4 3. c4 Nf6 4. Qb3 b6 5. cxd5 Qd6 6.
Nc3 a6 7. d3 Nbd7 8. e4 e5 9. Nge2 Nc5 10. Qd1 Nh5 11. O-O Qg6 12. Kh1 Bd6 13. Rg1 Qf6 14. Be3 g5 15. Qd2 Nf4 16.
Bxf4 exf4 17. f3 Qh6 18. fxg4 f3 19. Ng3 Bxg3 20. Bxf3 Bf4 21. Qg2 Nxd3 22. Rad1 Ne5 23. d6 0-1

[Event "Nové Hrady - Rapid A"]
[Site "Nové Hrady, Czech Republic"]
[Date "2023.08.12"]
[Round "3.1"]
[White "Pochinkov, Andrey"]
[Black "Půlpán, Jakub"]
[Result "0-1"]
[TimeControl "2x20min+5s"]
[WhiteFideId "4146387"]
[BlackFideId "302759"]
[WhiteElo "2052"]
[BlackElo "2515"]

1. Nf3 d5 2. d4 Nf6 3. e3 c5 4. c3 Nbd7 5. Bd3 g6 6. O-O Bg7 7. Nbd2 O-O 8. Re1 Qc7 9. e4 dxe4 10. Nxe4 Nxe4 11. Bxe4 Nf6 12.
Bd3 b6 13. Qe2 e6 14. Bg5 Nd7 15. Bh4 Bb7 16. Bg3 Qc8 17. Be4 Nf6 18. Bxb7 Qxb7 19. Be5 Rfc8 20. Rad1 a5 21. Nd2 Rd8 22. a4 Rac8 23. Nc4 Qc6 24.
dxc5 Rxd1 25. Rxd1 Qxc5 26. Nd6 Rd8 27. Rd4 Rf8 28. b4 Qxc3 29. Rc4 Qb3 30. b5 Ne8 31. f4 Nxd6 32. Bxd6 Rd8 33. Be5 Bf8 34. h3 Bc5+ 35.
Kh2 Rd1 36. Bc3 Rd5 37. g4 Qb1 38. Kg3 Qg1+ 39. Kh4 Qf2+ 0-1

[Event "Nové Hrady - Rapid A"]
[Site "Nové Hrady, Czech Republic"]
[Date "2023.08.12"]
[Round "3.2"]
[White "Babula, Milan"]
[Black "Steinbauer, Sebastián"]
[Result "1-0"]
[TimeControl "2x20min+5s"]
[WhiteFideId "300632"]
[BlackFideId "399272"]
[WhiteElo "2212"]
[BlackElo "1833"]

1. e4 e5 2. Nc3 Nf6 3. g3 d5 4. exd5 Nxd5 5. Bg2 c6 6. Nge2 Bg4 7. h3 Nxc3 8. bxc3 Bh5 9. g4 Bg6 10. Ng3 Nd7 11. d3 Nb6 12. O-O Qd7 13. Re1 f6 14.
a4 Nd5 15. c4 Nc7 16. a5 Ne6 17. a6 b6 18.
Be3 Rc8 19. Qf3 Bb4 20. Reb1 Bc3 21. Ra3 Bd4 22. Nf5 Bxe3 23. fxe3 Ng5 24. Qf2 h5 25. c5 hxg4 26. Nd6+ Kf8 27.
Nxc8 Qxc8 28. cxb6 axb6 29. a7 Qa8 30.
Rxb6 Ke7 31. h4 Nh3+ 32. Bxh3 gxh3 33. Kh2 Bf7 34. Qg3 g5 35.
hxg5 f5 36. Qxe5+ Be6 37. Qf6+ Kd6 38. Raa6 Rc8 39. Qd4+ Ke7 40. Qc5+ Kf7 41. Rxc6 Qb7 42. g6+ Kg7 43. Qe5+ 1-0

[Event "Nové Hrady - Rapid A"]
[Site "Nové Hrady, Czech Republic"]
[Date "2023.08.12"]
[Round "3.3"]
[White "Urban, Zdeněk"]
[Black "Hák, David"]
[Result "0-1"]
[TimeControl "2x20min+5s"]
[WhiteFideId "312754"]
[BlackFideId "377007"]
[WhiteElo "2048"]
[BlackElo "2123"]

1. d4 Nf6 2. c4 e6 3. Nf3 Bb4+ 4.
Bd2 Qe7 5. a3 Bxd2+ 6. Qxd2 d6 7. Qf4 Nc6 8. Nc3 e5 9. dxe5 dxe5 10. Qd2 Na5 11. Nd5 Nxc4 12. Nxe7 Nxd2 13. Kxd2 Kxe7 14.
Nxe5 Rd8+ 15. Nd3 Bf5 16. f3 Bxd3 17. exd3 Rd4 18. Rc1 c6 19. Rc4 Rad8 20. Rxd4 Rxd4 21. g3 c5 22. Be2 h5 23. Rc1 b6 24. f4 h4 25. Bf3 Nd7 26. Re1+ Kf6 27.
Kc3 Nf8 28. Re8 Ne6 29. Ra8 Nc7 30. Kc2 Nxa8 31. Bxa8 g5 32.
fxg5+ Kxg5 33. Bf3 hxg3 34. hxg3 Rg4 35. Bxg4 Kxg4 36. b4 Kxg3 37. bxc5 bxc5 38. Kc3 f5 39. Kc4 f4 40. Kxc5 f3 41. Kd4 0-1

[Event "Nové Hrady - Rapid A"]
[Site "Nové Hrady, Czech Republic"]
[Date "2023.08.12"]
[Round "3.4"]
[White "Prinz, Hubert"]
[Black "Garabik, Marek"]
[Result "0-1"]
[TimeControl "2x20min+5s"]
[WhiteFideId "1639447"]
[BlackFideId "23717742"]
[WhiteElo "2038"]
[BlackElo "1767"]

1. d4 d5 2. Nf3 Nf6 3.
e3 e6 4. Bd3 Be7 5. Nbd2 O-O 6. O-O Nbd7 7. e4 dxe4 8. Nxe4 b6 9. c3 Bb7 10.
Nxf6+ Nxf6 11. Re1 Qd6 12. Bg5 Rad8 13. Qe2 c5 14. Bxf6 Bxf6 15. Bc2 cxd4 16. Nxd4 Bxd4 17. Rad1 Qc6 18.
Be4 Qxe4 19. Qxe4 Bxe4 20. cxd4 Bg6 21. f3 Rd5 22. Kf2 Rc8 23. Rd2 Rc4 24. Ke3 Rc8 25.
f4 Rd7 26. h3 Rdc7 27. g4 Rc2 28. Ree2 Rxd2 29. Rxd2 Rc2 30. Rd1 Rxb2 31. d5 exd5 32.
f5 Rxa2 33. Rxd5 h6 34. h4 Ra3+ 35.
Kf4 Ra4+ 36. Kf3 Bxf5 37. Rxf5 Rd4 38. Re5 Kf8 39.
g5 hxg5 40. hxg5 Rd8 41. Kf4 Rb8 42. Kf5 b5 43. Rc5 g6+ 44. Kf6 Rb6+ 45. Ke5 b4 46. Ra5 a6 47. Kd4 b3 48. Ra1 b2 49. Rb1 Ke7 50. Kc3 Ke6 51. Kc2 Kf5 52. Rf1+ Kxg5 53. Kb1 f5 54. Rg1+ Kf6 55. Rh1 a5 56. Rh2 a4 57. Rh3 Rb3 58. Rh4 a3 59. Ra4 g5 60. Ra5 g4 61. Ra4 Kg5 62. Ra5 g3 63. Ra8 Kf4 64. Rg8 a2+ 65.
Kxa2 b1=Q# 0-1

[Event "Nové Hrady - Rapid A"]
[Site "Nové Hrady, Czech Republic"]
[Date "2023.08.12"]
[Round "3.5"]
[White "Drda, Štěpán"]
[Black "Slabý, Matěj"]
[Result "0-1"]
[TimeControl "2x20min+5s"]
[WhiteFideId "23731567"]
[BlackFideId "23734876"]
[WhiteElo "1582"]
[BlackElo "1944"]

1. c4 e5 2. Nc3 Bb4 3. g3 Bxc3 4. bxc3 d6 5. Bg2 Ne7 6. d4 Nbc6 7. e3 O-O 8. Ne2 Bf5 9. O-O f6 10. Ba3 Qd7 11. Re1 Rae8 12. c5 dxc5 13.
Bxc5 b6 14. Ba3 Na5 15. c4 Nxc4 16. Qb3 b5 17. dxe5 fxe5 18. Rad1 Qe6 19. Bxe7 Qxe7 20. Qxb5 Nd6 21. Qa4 Qf6 22. Rf1 Rb8 23. Nc3 Rb2 24.
Nd5 Qf7 25. Qa3 Rc2 26. Nxc7 Qxc7 27. Qxd6 Qxd6 28. Rxd6 e4 29.
Rd5 Be6 30. Re5 0-1

[Event "Nové Hrady - Rapid A"]
[Site "Nové Hrady, Czech Republic"]
[Date "2023.08.12"]
[Round "3.6"]
[White "Rausch, Rudolf"]
[Black "Šlechta, Adam"]
[Result "1/2-1/2"]
[TimeControl "2x20min+5s"]
[WhiteFideId "1639455"]
[BlackFideId "23734450"]
[WhiteElo "1861"]
[BlackElo "1409"]

1. d4 Nf6 2. c4 g6 3. Nc3 Bg7 4. Nf3 O-O 5.
Bf4 d6 6. h3 c5 7. e3 b6 8. Be2 Bb7 9. O-O Nbd7 10. Rc1 Rc8 11. d5 Nb8 12. b3 Na6 13. Nb5 Nc7 14. Nxc7 Qxc7 15.
a4 a6 16. Nd2 b5 17. axb5 axb5 18. Qc2 Ra8 19. Ra1 Ra5 20. Rxa5 Qxa5 21. Ne4 Ra8 22. Nxf6+ Bxf6 23. e4 Qa2 24. Rc1 bxc4 25. Bxc4 Qxc2 26.
Rxc2 Ra1+ 27. Rc1 Rxc1+ 28. Bxc1 Kf8 29. g4 e6 30. f4 Bd4+ 31.
Kg2 exd5 32. exd5 Ke7 33. Kf3 f5 34. Bd2 h6 35. Be1 Kf6 36. Bh4+ g5 37. fxg5+ hxg5 38. Be1 fxg4+ 39. hxg4 Be5 1/2-1/2

[Event "Nové Hrady - Rapid A"]
[Site "Nové Hrady, Czech Republic"]
[Date "2023.08.12"]
[Round "3.7"]
[White "Kukla, Josef"]
[Black "Slabý, Martin"]
[Result "1-0"]
[TimeControl "2x20min+5s"]
[WhiteFideId "23725869"]
[BlackFideId "23713593"]
[WhiteElo "1364"]
[BlackElo "1309"]

1. d4 Nf6 2. Bf4 e6 3. Nf3 a6 4. Nbd2 b5 5. e3 Bb7 6. Bd3 c5 7. c3 cxd4 8. cxd4 d6 9. O-O Nbd7 10.
Bg5 Be7 11. Rc1 O-O 12. e4 Rc8 13. Rxc8 Qxc8 14. e5 Bxf3 15. Nxf3 dxe5 16. dxe5 Qd8 17. exf6 Bxf6 18. Bxf6 Nxf6 19.
Qc2 Qb8 20. Rc1 g6 21. Qc3 Nd5 22. Qe5 Qd8 23. Qd4 Qa5 24. a3 b4 25. Rc5 Qa4 26. Bc2 Qd7 27. axb4 Rd8 28. h3 Qe7 29.
Qc4 Nb6 30. Qxa6 Qd6 31. Qe2 Ra8 32. Qe5 Ra1+ 33. Kh2 Qf8 34. Qc7 Na8 35. Qc8 Qxc8 36. Rxc8+ 1-0

[Event "Nové Hrady - Rapid A"]
[Site "Nové Hrady, Czech Republic"]
[Date "2023.08.12"]
[Round "4.1"]
[White "Hák, David"]
[Black "Babula, Milan"]
[Result "1-0"]
[TimeControl "2x20min+5s"]
[WhiteFideId "377007"]
[BlackFideId "300632"]
[WhiteElo "2123"]
[BlackElo "2212"]

1. d4 Nf6 2. c4 g6 3.
Nc3 Bg7 4. e4 d6 5. Nf3 O-O 6. Be2 e5 7. O-O Nc6 8. d5 Ne7 9. Ne1 Nd7 10. Be3 f5 11. f3 f4 12. Bf2 g5 13. a4 h5 14. a5 Kh7 15. Nb5 a6 16. Na7 Rxa7 17. Bxa7 b6 18. b4 Bb7 19. axb6 cxb6 20. c5 dxc5 21.
Bxa6 Bxa6 22. Rxa6 cxb4 23. Nd3 Nc8 24. Nxb4 Nc5 25. Ra2 Qd7 26. Nc6 Qb7 27. Qc2 Re8 28. Rb1 Nd7 29. Qa4 Bf8 30.
Nb8 Bc5+ 31. Kh1 Re7 32.
Qc6 Nxb8 33. Bxb8 Bd4 34. Rc2 Qxb8 35. Qxc8 Qxc8 36. Rxc8 Bc5 37. Ra1 Kg7 38. Raa8 Rf7 39. Rc6 h4 40. Rac8 g4 41. R6c7 h3 42. Rxf7+ Kxf7 43. fxg4 hxg2+ 44. Kxg2 1-0

[Event "Nové Hrady - Rapid A"]
[Site "Nové Hrady, Czech Republic"]
[Date "2023.08.12"]
[Round "4.2"]
[White "Půlpán, Jakub"]
[Black "Slabý, Matěj"]
[Result "1-0"]
[TimeControl "2x20min+5s"]
[WhiteFideId "302759"]
[BlackFideId "23734876"]
[WhiteElo "2515"]
[BlackElo "1944"]

1. Nf3 d5 2. b3 Nc6 3. Bb2 Bg4 4.
h3 Bxf3 5. exf3 e5 6. Bb5 Bd6 7. d4 exd4 8. O-O Qd7 9. Bxd4 Nge7 10. Re1 O-O-O 11. Bxa7 Qf5 12. Bd4 Qf4 13. c3 Qh2+ 14.
Kf1 Qh1+ 15. Ke2 Qxg2 16. Be3 Ne5 17. f4 Qf3+ 18. Kd2 Qxd1+ 19. Kxd1 N5g6 20. Nd2 c6 21. Bd3 Rhe8 22. Rg1 Bxf4 23. Bxg6 Nxg6 24. Rxg6 Bxe3 25. Rxg7 Bxf2 26. Kc2 d4 27. Rf1 Re2 28. Kd1 d3 29. Rxf7 Rde8 30. R7xf2 1-0

[Event "Nové Hrady - Rapid A"]
[Site "Nové Hrady, Czech Republic"]
[Date "2023.08.12"]
[Round "4.3"]
[White "Steinbauer, Sebastián"]
[Black "Pochinkov, Andrey"]
[Result "1-0"]
[TimeControl "2x20min+5s"]
[WhiteFideId "399272"]
[BlackFideId "4146387"]
[WhiteElo "1833"]
[BlackElo "2052"]

1. e4 e6 2. d4 d5 3. exd5 exd5 4. Bd3 Bd6 5. Nf3 Ne7 6.
Bg5 f6 7. Bh4 Bf5 8. c3 Qd7 9. Qc2 Nbc6 10. Nbd2 Bxd3 11.
Qxd3 Nf5 12. Bg3 O-O-O 13. Bxd6 Nxd6 14.
O-O-O Na5 15. Rhe1 Qa4 16. Kb1 Rhe8 17. Qxh7 g5 18.
Qc2 Qd7 19. h3 g4 20. hxg4 Qxg4 21. g3 Nac4 22. Nxc4 Nxc4 23. Nd2 Nd6 24. Qd3 f5 25. Kc2 f4 26. gxf4 Qxf4 27. f3 Nf5 28. Rxe8 Rxe8 29. Nf1 Rg8 30.
Qe2 Nd6 31. Qe6+ 1-0

[Event "Nové Hrady - Rapid A"]
[Site "Nové Hrady, Czech Republic"]
[Date "2023.08.12"]
[Round "4.4"]
[White "Garabik, Marek"]
[Black "Rausch, Rudolf"]
[Result "1/2-1/2"]
[TimeControl "2x20min+5s"]
[WhiteFideId "23717742"]
[BlackFideId "1639455"]
[WhiteElo "1767"]
[BlackElo "1861"]

1. e4 g6 2. d4 d6 3.
Nf3 Bg7 4. c3 Nf6 5. Bd3 O-O 6. O-O Bg4 7. Bg5 Nbd7 8. Nbd2 c5 9. Qb3 Bxf3 10. Nxf3 cxd4 11. cxd4 Rb8 12. Rac1 h6 13.
Bd2 a6 14. a4 Qb6 15. Qxb6 Nxb6 16. a5 Nbd7 17. Rc7 Rfc8 18.
Rfc1 Rxc7 19. Rxc7 b6 20. e5 dxe5 21.
dxe5 Nxe5 22. Nxe5 bxa5 23. Bc3 Nd5 24. Rd7 Nxc3 25. Nc6 Rxb2 26. Nxe7+ Kf8 27. Nc6 Bf6 28. g3 a4 29. Bc4 Ne4 30.
f3 Ng5 31. Rd3 Rc2 32. Na5 1/2-1/2

[Event "Nové Hrady - Rapid A"]
[Site "Nové Hrady, Czech Republic"]
[Date "2023.08.12"]
[Round "4.5"]
[White "Šlechta, Adam"]
[Black "Kukla, Josef"]
[Result "1-0"]
[TimeControl "2x20min+5s"]
[WhiteFideId "23734450"]
[BlackFideId "23725869"]
[WhiteElo "1409"]
[BlackElo "1364"]

1. e4 e5 2. d4 exd4 3.
Qxd4 Nc6 4. Qe3 b6 5. Nc3 Bc5 6.
Qg3 Qf6 7. Bd2 Bb7 8. O-O-O O-O-O 9. Bg5 Bxf2 10. Bxf6 Bxg3 11. Bxd8 Bf4+ 12. Kb1 Kxd8 13. Bc4 Ne5 14. Bd5 Bxd5 15.
Nxd5 Bg5 16. Nf3 Nxf3 17. gxf3 c6 18. Rhg1 h6 19. Nc3 g6 20. Rd3 Bf4 21. Rgd1 Nf6 22. h3 Re8 23. Ne2 Bc7 24.
Kc1 Re5 25. c4 Rh5 26. f4 Nxe4 27. Rxd7+ Kc8 28. Rxf7 Rxh3 29. Rf8+ Kb7 30. Rd7 Nc5 31. Rh7 Rh2 32. Rff7 Na6 33. Nd4 Nc5 34. Rf8 Ne6 35. Rg7 Nc5 1-0